Map: Acid Plant LE

Players

DnS

  • Race: Protoss Protoss
  • Spawn Location: 11:00

HeroMarine - Winner!

  • Race: Terran Terran
  • Spawn Location: 5:00

Event: WCS Valencia 2018

VOD

Have the link to the VOD?

Description

Time

  • Played on: July 13, 2018, 6:48 a.m.
  • Length: 7:38

All games in this series

Show
View Real Time Build Order
Export as new Build Order

DnS Protoss 

Build Orders: 1 Gate Expand, Mass Adepts 

Get SALT Encoding   

  12  0:00  Probe  
  13  0:12  Probe  
  14  0:17  Pylon  
  14  0:24  Probe  
  15  0:32  Probe  
  15  0:39  Gateway  
  15  0:40  Probe  
  16  0:46  Assimilator  
  17  0:51  Probe  
  18  1:03  Probe  
  19  1:15  Probe  
  20  1:23  Nexus  
  20  1:32  Cybernetics Core  
  20  1:36  Probe  
  21  1:48  Probe  
  21  1:50  Pylon  
  22  1:54  Assimilator  
  22  2:00  Adept, Probe  
  23  2:08  Warp Gate  
  23  2:12  Probe  
  26  2:19  Adept  
  26  2:24  Probe  
  26  2:28  Twilight Council  
  29  2:31  Probe  
  29  2:36  Probe  
  31  2:39  Probe  
  32  2:44  Resonating Glaives  
  32  2:46  Adept  
  32  2:48  Probe  
  32  2:49  Probe  
  36  3:00  Probe  
  36  3:01  Probe  
  38  3:09  Pylon  
  38  3:19  Gateway  
  38  3:21  Gateway  
  38  3:24  Probe  
  38  3:25  Probe  
  40  3:28  Gateway  
  40  3:36  Probe  
  40  3:37  Probe  
  40  3:38  Pylon  
  42  3:48  Probe  
  42  3:49  Probe  
  42  3:53  Robotics Facility  
  44  4:00  Probe, Pylon  
  44  4:01  Probe  
  46  4:16  Adept x3  
  52  4:19  Probe x2  
  52  4:20  Adept  
  56  4:35  Probe x2  
  56  4:36  Adept x4  
  66  4:40  Observer, Pylon  
  67  4:57  Probe x2  
  67  4:59  Assimilator x2  
  67  5:02  Observer  
  66  5:10  Adept x4  
  53  5:26  Probe x2  
  53  5:28  Stalker x2  
  56  5:32  Stalker x2  
  58  5:38  Probe  
  58  5:40  Probe  
  58  5:46  Nexus  
  56  5:50  Probe  
  56  5:52  Probe  
  58  6:03  Probe  
  59  6:04  Probe  
  59  6:09  Warp Prism  
  59  6:10  Sentry  
  62  6:11  Sentry  
  62  6:15  Probe  
  62  6:16  Probe  
  66  6:20  Pylon  
  68  6:27  Pylon, Probe  
  68  6:29  Probe  
  70  6:34  Forge x2  
  70  6:41  Probe x2  
  72  6:50  Adept x3  
  78  6:56  Gateway  
  78  6:57  Gateway  
  78  7:00  Gateway  
  78  7:03  Observer  
  79  7:14  Adept x2  
  80  7:15  Adept  
Show
View Real Time Build Order
Export as new Build Order

HeroMarine Terran - Winner!

Build Orders: Gas First Reaper Expand, Reaper Expand, Banshee Rush 

Get SALT Encoding   

  12  0:00  SCV  
  13  0:13  SCV  
  14  0:17  Supply Depot  
  14  0:25  SCV  
  15  0:30  Refinery  
  15  0:38  SCV  
  16  0:45  Barracks  
  16  0:50  SCV  
  17  1:03  SCV  
  18  1:15  SCV  
  19  1:32  Reaper, Orbital Command  
  20  1:45  Command Center  
  20  1:57  Factory  
  20  1:58  SCV  
  21  2:07  Barracks Reactor  
  21  2:11  SCV  
  21  2:14  Supply Depot  
  22  2:21  Refinery  
  22  2:23  SCV  
  23  2:36  SCV  
  24  2:45  Starport, Marine x2  
  24  2:48  SCV  
  24  2:49  Widow Mine  
  29  2:57  Orbital Command  
  29  3:00  SCV  
  29  3:04  Marine x2  
  32  3:12  SCV  
  33  3:14  Cyclone  
  36  3:23  SCV  
  36  3:24  SCV  
  36  3:25  Starport Tech Lab  
  36  3:26  Marine x2  
  40  3:31  Supply Depot  
  39  3:35  SCV  
  39  3:36  SCV  
  41  3:43  Banshee  
  41  3:47  SCV  
  45  3:48  SCV  
  45  3:50  Cloaking Field  
  45  3:54  Marine  
  45  3:55  Supply Depot, Marine  
  48  3:58  Factory Tech Lab  
  49  4:02  SCV  
  49  4:03  SCV  
  50  4:10  Supply Depot  
  50  4:15  SCV x2  
  50  4:16  Marine  
  50  4:17  Marine  
  54  4:26  Banshee  
  54  4:27  SCV x2  
  57  4:34  Marine x2  
  58  4:38  Siege Tank  
  58  4:39  Bunker, SCV x2  
  58  4:42  Supply Depot  
  61  4:51  SCV x2  
  61  4:52  Marine x2  
  63  5:03  SCV x2  
  62  5:10  Marine x2, Siege Tank  
  58  5:15  SCV x2  
  60  5:27  SCV x2  
  60  5:28  Marine x2  
  62  5:30  Banshee  
  63  5:39  SCV x2  
  63  5:51  SCV x2, Siege Tank  
  68  5:58  Command Center  
  68  6:03  SCV  
  68  6:04  SCV, Barracks  
  70  6:06  Marine x2  
  72  6:15  SCV  
  72  6:16  SCV  
  74  6:21  Barracks  
  74  6:22  Engineering Bay  
  74  6:23  Marine  
  74  6:24  Marine  
  76  6:28  SCV x2  
  78  6:40  Supply Depot  
  78  6:54  Barracks  
  78  6:55  Barracks  
  78  6:56  Factory Reactor  
  78  7:01  Marine x2  
  78  7:02  SCV x2  
  78  7:04  Marauder  
  84  7:14  SCV x2  
  86  7:17  Barracks Tech Lab  
Tags
 
Add a new tag
Caveats
  • Supply blocks, unpowered buildings, or Contaminate may cause inaccurate times.
  • Supply counts are checked every 10 seconds.